 Dungeon Crawl Stone Soup version 0.20.0-10-g0535bb4 (webtiles) character file.

30269 Lavandula the Unseen (level 13, 0/105 HPs)
             Began as a Spriggan Enchanter on June 4, 2017.
             Was a Priest of Ashenzari.
             Drowned by a water elemental (4 damage)
             ... on level 3 of the Shoals on June 5, 2017.
             The game lasted 01:14:04 (16986 turns).

Lavandula the Unseen (Spriggan Enchanter)          Turns: 16986, Time: 01:14:05

Health: 0/105      AC:  5    Str: 10    XL:     13   Next: 19%
Magic:  33/33      EV: 11    Int: 24    God:    Ashenzari [***...]
Gold:   488        SH:  0    Dex: 18    Spells: 15/42 levels left

rFire    . . .     SeeInvis +   l - +4 short sword (venom) (curse)
rCold    . . .     Gourm    .   (shield restricted)
rNeg     . . .     Faith    .   W - +1 robe {MR+}
rPois    .         Spirit   .   K - +2 hat (curse)
rElec    .         Reflect  .   (no cloak)
rCorr    .         Harm     .   (gloves unavailable)
MR       +++..                  (boots unavailable)
Stlth    ..........             X - amulet of regeneration (curse)
Regen    0.7/turn               h - ring of stealth
MPRegen  0.3/turn               g - +5 ring of intelligence

@: berserking, engulfed (cannot breathe), held, very quick
A: unfitting armour, see invisible, deterioration 1, herbivore 3, speed 3,
robust 1, slow metabolism 2
a: Curse Item, Scrying, Renounce Religion


You were on level 3 of the Shoals.
You worshipped Ashenzari.
Ashenzari was most pleased with you.
You were not hungry.

You visited 6 branches of the dungeon, and saw 21 of its levels.
You also visited: Ice Cave.

You collected 1650 gold pieces.
You spent 1162 gold pieces at shops.

Inventory:

Hand Weapons
 a - a +1 dagger
 l - a cursed +4 short sword of venom (weapon)
 o - a +2 dagger of protection
Missiles
 z - a throwing net
 Q - 38 tomahawks (quivered)
Armour
 K - a cursed +2 hat (worn)
 W - a +1 robe of magic resistance (worn)
Jewellery
 g - a +5 ring of intelligence (right hand)
 h - a ring of stealth (left hand)
 u - an uncursed ring of resist corrosion
 x - a +4 ring of strength
 D - an uncursed ring of protection from magic
 T - a +6 ring of evasion
 X - a cursed amulet of regeneration (around neck)
Wands
 w - a wand of polymorph (9/24)
 F - a wand of paralysis (11/24)
 I - a wand of random effects (37/48)
 N - a wand of iceblast (5/15)
 O - a wand of random effects (31/48)
 P - a wand of flame (13/48)
 S - a wand of flame (28/48)
 Y - a wand of lightning (5/15)
Scrolls
 i - a scroll of blinking {unknown}
 k - 2 scrolls of recharging
 m - 2 scrolls of fear
 q - a scroll of enchant armour {unknown}
 t - 6 scrolls of teleportation
 v - a scroll of magic mapping {unknown}
 y - a scroll of fog {unknown}
 E - 2 scrolls of holy word {unknown}
 H - a scroll of enchant weapon {unknown}
 J - 2 scrolls of amnesia
 L - 2 scrolls of silence
Potions
 e - 3 potions of flight
 j - 3 potions of mutation
 n - 2 potions of brilliance {unknown}
 r - 4 potions of lignification
 s - 2 potions of agility {unknown}
 A - 4 potions of curing
 B - 4 potions of degeneration {unknown}
 C - 6 potions of haste
 G - 3 potions of heal wounds
 M - a potion of resistance {unknown}
 U - a potion of might {unknown}
Books
 b - a book of Necromancy

   Spells                             Type                      Level
   a - Pain                           Necromancy                   1
   b - Animate Skeleton               Necromancy                   1
   c - Vampiric Draining              Necromancy                   3
   d - Regeneration                   Charms/Necromancy            3
   e - Animate Dead                   Necromancy                   4
   f - Control Undead                 Necromancy                   4
 c - a book of Maledictions

   Spells                             Type                      Level
   a - Corona                         Hexes                        1
   b - Ensorcelled Hibernation        Hexes/Ice                    2
   c - Confuse                        Hexes                        3
   d - Tukima's Dance                 Hexes                        3
   e - Dazzling Spray                 Conjuration/Hexes            3
 p - a book of Alchemy

   Spells                             Type                      Level
   a - Sublimation of Blood           Necromancy                   2
   b - Ignite Poison                  Fire/Transmutation/Poison    3
   c - Petrify                        Transmutation/Earth          4
   d - Alistair's Intoxication        Transmutation/Poison         5
   e - Irradiate                      Conjuration/Transmutation    5
 V - a book of Geomancy

   Spells                             Type                      Level
   a - Sandblast                      Earth                        1
   b - Passwall                       Transmutation/Earth          2
   c - Stone Arrow                    Conjuration/Earth            3
   d - Petrify                        Transmutation/Earth          4
   e - Lee's Rapid Deconstruction     Earth                        5
Comestibles
 d - 13 bread rations
 R - 37 fruits
 Z - 2 royal jellies


   Skills:
 - Level 5.4 Fighting
 - Level 6.5(9.5) Short Blades
 - Level 5.5 Dodging
 - Level 17.5 Stealth
 + Level 15.4 Spellcasting
 - Level 11.4 Hexes
 - Level 6.3 Transmutations


You had 15 spell levels left.
You knew the following spells:

 Your Spells              Type           Power        Failure   Level  Hunger
a - Corona                Hex            ######.      1%          1    None
b - Ensorcelled Hibernat  Hex/Ice        #####.       1%          2    None
c - Confuse               Hex            ######..     1%          3    None
d - Tukima's Dance        Hex            ######..     1%          3    None
e - Dazzling Spray        Conj/Hex       #####.       1%          3    None
f - Regeneration          Chrm/Necr      ###.......   9%          3    None
g - Passwall              Tmut/Erth      ####......   1%          2    None
h - Alistair's Intoxicat  Tmut/Pois      ####....     22%         5    ##.....
i - Irradiate             Conj/Tmut      ####......   22%         5    ##.....


Dungeon Overview and Level Annotations

Branches:
Dungeon (11/15)            Temple (1/1) D:6            Lair (3/6) D:8
 Shoals (3/4) Lair:3          Orc (2/2) D:11            Elf (1/3) Orc:2
  Snake: Lair:2-4    Spider: Lair:2-4

Altars:
Ashenzari
Cheibriados
Fedhas
Gozag
Makhleb
Okawaru
Ru
Trog
Vehumet
Xom
Yredelemnul
The Shining One
Beogh

Shops:
D:6 *}   D:7 }   Orc:2 (}=:

Annotations:
D:5 exclusion: door
Shoals:2 exclusions: merfolk siren and upstairs


Innate Abilities, Weirdness & Mutations

You are very small and have problems with some larger weapons.
You are too small for most types of armour.
You have supernaturally acute eyesight. (SInv)
You are a herbivore.
You cover ground extremely quickly.
You need consume almost no food.
Your body sometimes deteriorates upon taking damage.
You are robust. (+10% HP)


Message History

The water elemental hits you.
* * * LOW HITPOINT WARNING * * *
The water elemental closely misses you.
Okay, then.
A red film seems to cover your vision as you go berserk!
You feel yourself moving faster!
You feel mighty!
* * * LOW HITPOINT WARNING * * *
Your lungs strain for air!
The merfolk aquamancer shouts!
The water elemental hits you!
* * * LOW HITPOINT WARNING * * *
The water elemental hits you.
* * * LOW HITPOINT WARNING * * *
You struggle against the net.
You feel a strong urge to attack something.
* * * LOW HITPOINT WARNING * * *
Your lungs strain for air!
The water elemental barely misses you.
You struggle against the net.
You die...

≈≈≈≈≈≈≈≈≈≈≈≈≈≈≈ ≈ ≈ ≈
≈≈≈≈≈≈≈≈≈≈≈≈≈≈≈≈≈
≈≈≈≈≈≈≈≈≈≈≈≈≈≈≈≈≈ ≈≈ , ≈
≈≈≈≈≈≈≈≈≈≈≈≈≈≈≈≈≈≈ ≈ ≈
≈≈≈≈≈≈≈≈≈≈≈≈≈≈≈≈≈≈≈≈ ≈
≈≈≈≈≈≈≈≈≈≈≈≈≈≈≈≈≈≈≈ ≈ ≈
≈≈≈≈≈≈≈≈≈)≈≈≈≈≈≈≈≈≈≈≈≈
≈≈≈≈≈≈(≈≈≈≈≈≈≈≈≈≈≈≈≈≈ ≈
≈≈≈≈≈≈≈.E@E..≈≈≈≈≈≈≈≈≈ ≈ ≈≈
≈≈≈≈≈.......≈≈≈≈≈≈≈≈≈ ≈
≈..≈≈m≈m.#...≈≈≈≈≈≈≈
≈≈≈≈≈≈≈.≈≈...≈≈..##...≈≈≈≈≈≈≈
≈
≈≈≈m≈≈≈≈≈≈...≈≈..###..≈≈≈≈≈≈≈
≈≈≈m≈≈≈≈≈≈.m≈≈........≈≈≈≈≈≈≈
≈≈≈≈≈≈≈≈≈≈...≈..)...≈≈≈≈≈≈≈≈≈
≈≈m≈≈≈≈≈≈E....≈....≈≈≈≈≈≈≈≈..
mm....≈≈..##......≈≈≈≈≈≈≈≈≈..


You could see a merfolk aquamancer, 2 merfolk and 3 water elementals.

Vanquished Creatures
  A merfolk impaler (Shoals:2)
  Erica (Lair:1)
  2 hydras
  A tengu warrior (D:10)
  8 orc high priests (Orc:2)
  Sonja (Lair:2)
  A sea snake (Shoals:2)
  2 orc knights (Orc:1)
  Pikel (D:4)
  A manticore (Shoals:1)
  2 black mambas
  4 merfolk sirens
  A water nymph (Shoals:2)
  6 spiny frogs
  2 komodo dragons (Lair:1)
  A freezing wraith (D:11)
  2 polar bears (D:9)
  A merfolk (Shoals:2)
  6 trolls
  2 snapping turtles
  4 hippogriffs
  2 wyverns (D:9)
  4 yaks
  A hungry ghost (D:11)
  4 wargs (Orc:2)
  3 water moccasins
  11 porcupines
  9 ice beasts
  A slave (D:4)
  28 orc warriors
  A black bear (D:8)
  7 wolves
  9 ogres
  A sky beast (D:8)
  An eye of draining (D:9)
  2 phantoms
  2 centaurs
  5 crocodiles
  5 bullfrogs
  4 killer bees (D:10)
  An electric eel (D:11)
  5 howler monkeys
  3 crimson imps
  A centaur zombie (D:7)
  A quasit (D:11)
  A jelly (D:10)
  16 orc wizards
  2 bullfrog skeletons
  37 orc priests
  A hound (D:8)
  Natasha (twice) (D:2)
  3 iguanas
  4 worker ants
  2 hound skeletons
  A howler monkey skeleton (D:5)
  A worker ant zombie (D:5)
  16 adders
  A gnoll (D:1)
  A hound simulacrum (D:9)
  2 shadow imps
  4 white imps (D:9)
  4 oozes
  2 adder zombies
  An adder skeleton (D:5)
  3 worms
  An adder simulacrum (D:9)
  3 dart slugs (D:2)
  4 leopard geckos
  107 orcs
  2 ball pythons
  8 bats
  3 giant cockroaches
  6 goblins
  4 hobgoblins
  2 jackals (D:3)
  9 kobolds
  3 quokkas
  A ball python zombie (D:5)
  6 frilled lizards
  6 rats
430 creatures vanquished.

Vanquished Creatures (others)
  A giant cockroach (D:4)
  31 fungi
  5 plants (D:8)
37 creatures vanquished.

Grand Total: 467 creatures vanquished

Notes
Turn   | Place    | Note
-------+----------+-------------------------------------------
     0 | D:1      | Lavandula the Spriggan Enchanter began the quest for the Orb.
     0 | D:1      | Reached XP level 1. HP: 9/9 MP: 5/5
   269 | D:1      | Reached XP level 2. HP: 12/13 MP: 6/6
   288 | D:1      | Learned a level 2 spell: Ensorcelled Hibernation
  1118 | D:2      | Reached XP level 3. HP: 16/16 MP: 8/8
  1471 | D:2      | Learned a level 3 spell: Confuse
  1506 | D:2      | Reached skill level 5 in Hexes
  1634 | D:2      | Reached XP level 4. HP: 16/21 MP: 0/9
  1907 | D:2      | Noticed Natasha
  2089 | D:2      | Killed Natasha
  2240 | D:2      | Noticed Natasha
  2261 | D:2      | Killed Natasha
  2605 | D:3      | Reached XP level 5. HP: 24/24 MP: 10/10
  2691 | D:3      | Learned a level 3 spell: Tukima's Dance
  3328 | D:3      | Found a shimmering altar of Xom.
  3328 | D:3      | Found a snail-covered altar of Cheibriados.
  3655 | D:4      | Noticed an ogre
  3789 | D:4      | Noticed Pikel
  3791 | D:4      | Noticed a slave
  3791 | D:4      | Noticed a slave
  3792 | D:4      | Noticed a slave
  3794 | D:4      | Noticed a slave
  3809 | D:4      | Killed Pikel
  3809 | D:4      | Reached XP level 6. HP: 28/28 MP: 3/17
  3809 | D:4      | Reached XP level 7. HP: 32/32 MP: 3/19
  3814 | D:4      | Learned a level 3 spell: Dazzling Spray
  3907 | D:4      | Reached skill level 5 in Stealth
  4027 | D:4      | Reached skill level 6 in Stealth
  4128 | D:4      | Reached skill level 7 in Stealth
  4401 | D:4      | Found an iron altar of Okawaru.
  4571 | D:5      | Entered Level 5 of the Dungeon
  4813 | D:5      | Reached skill level 5 in Short Blades
  4911 | D:5      | Reached XP level 8. HP: 36/36 MP: 20/20
  5238 | D:5      | Found a basalt altar of Yredelemnul.
  5323 | D:6      | Reached skill level 8 in Stealth
  5449 | D:6      | Found a staircase to the Ecumenical Temple.
  5463 | Temple   | Entered the Ecumenical Temple
  5481 | Temple   | Became a worshipper of Ashenzari the Shackled
  5519 | D:6      | Reached skill level 9 in Stealth
  5592 | D:6      | Found Redupn's Assorted Antiques.
  5605 | D:6      | Bought a viscous golden potion for 27 gold pieces
  5605 | D:6      | Bought a scroll labeled LADAIL NOROIT for 31 gold pieces
  5605 | D:6      | Bought a coppery potion for 27 gold pieces
  5605 | D:6      | Bought a yellow potion for 27 gold pieces
  5882 | D:6      | Found Nuuxiz's Gadget Shoppe.
  6067 | D:7      | Found Zeukk's Gadget Boutique.
  6745 | D:7      | Reached skill level 1 in Fighting
  7134 | D:8      | Reached XP level 9. HP: 44/44 MP: 16/21
  7145 | D:8      | Found a staircase to the Lair.
  7246 | D:8      | Reached skill level 5 in Fighting
  7445 | D:8      | Reached skill level 10 in Stealth
  7490 | D:8      | Reached skill level 11 in Stealth
  7965 | D:8      | Reached skill level 12 in Stealth
  7981 | D:8      | Gained mutation: You tend to lose your temper in combat. [potion of mutation]
  7981 | D:8      | Gained mutation: Your muscles are strong. (Str +2) [potion of mutation]
  7982 | D:8      | Lost mutation: You tend to lose your temper in combat. [potion of mutation]
  7982 | D:8      | Lost mutation: Your muscles are strong. (Str +2) [potion of mutation]
  7982 | D:8      | Gained mutation: Your body sometimes deteriorates upon taking damage. [potion of mutation]
  7982 | D:8      | Gained mutation: You are robust. (+10% HP) [potion of mutation]
  8381 | D:9      | Reached skill level 13 in Stealth
  8470 | D:9      | Found a glowing golden altar of the Shining One.
  9015 | D:9      | Reached XP level 10. HP: 56/56 MP: 16/22
  9057 | D:9      | Reached * piety under Ashenzari
  9096 | D:9      | Reached skill level 14 in Stealth
  9522 | D:10     | Entered Level 10 of the Dungeon
 10020 | D:10     | Noticed a tengu warrior
 10046 | D:10     | Killed a tengu warrior
 10046 | D:10     | Reached skill level 10 in Spellcasting
 10495 | D:11     | Noticed a death knight
 11359 | D:11     | Found a staircase to the Orcish Mines.
 11581 | Orc:1    | Entered Level 1 of the Orcish Mines
 11581 | Orc:1    | Noticed an orc knight
 11588 | Orc:1    | Reached ** piety under Ashenzari
 11598 | Orc:1    | Killed an orc knight
 11598 | Orc:1    | Reached XP level 11. HP: 61/61 MP: 16/26
 11795 | Orc:1    | Noticed an orc knight
 11867 | Orc:1    | Killed an orc knight
 11867 | Orc:1    | Reached skill level 10 in Hexes
 12469 | Orc:2    | Entered Level 2 of the Orcish Mines
 12479 | Orc:2    | Found a staircase to the Elven Halls.
 13136 | Orc:2    | Found a bloodstained altar of Trog.
 13347 | Orc:2    | Noticed an orc high priest
 13354 | Orc:2    | Killed an orc high priest
 13394 | Orc:2    | Reached skill level 15 in Stealth
 13435 | Orc:2    | Noticed an orc high priest
 13683 | Orc:2    | Noticed an orc high priest
 13705 | Orc:2    | Killed an orc high priest
 13886 | Orc:2    | Reached skill level 16 in Stealth
 13904 | Orc:2    | Killed an orc high priest
 14016 | Orc:2    | Found Mowniuze's Jewellery Shop.
 14016 | Orc:2    | Found Ifoat's Book Shoppe.
 14276 | Orc:2    | Noticed an orc high priest
 14284 | Orc:2    | Noticed an orc high priest
 14304 | Orc:2    | Reached skill level 17 in Stealth
 14464 | Orc:2    | Killed an orc high priest
 14627 | Orc:2    | Killed an orc high priest
 14627 | Orc:2    | Reached skill level 5 in Dodging
 14627 | Orc:2    | Reached XP level 12. HP: 66/66 MP: 18/27
 14739 | Orc:2    | Found a roughly hewn altar of Beogh.
 14747 | Orc:2    | Found Tunu's Weapon Shop.
 14747 | Orc:2    | Found Wiwnatob's Gadget Shoppe.
 14794 | Orc:2    | Bought a book of Necromancy for 300 gold pieces
 14798 | Orc:2    | Learned a level 3 spell: Regeneration
 14801 | Orc:2    | Learned a level 2 spell: Passwall
 14801 | Orc:2    | Bought a book of Alchemy for 750 gold pieces
 14807 | Orc:2    | Learned a level 5 spell: Alistair's Intoxication
 14813 | Orc:2    | Learned a level 5 spell: Irradiate
 14874 | Elf:1    | Entered Level 1 of the Elven Halls
 14896 | Orc:2    | Noticed an orc high priest
 14899 | Orc:2    | Noticed an orc high priest
 14915 | Orc:2    | Killed an orc high priest
 14926 | Orc:2    | Killed an orc high priest
 14996 | Orc:2    | Noticed an orc high priest
 15009 | Orc:2    | Killed an orc high priest
 15009 | Orc:2    | Reached skill level 5 in Transmutations
 15451 | Lair:1   | Entered Level 1 of the Lair of Beasts
 15484 | Lair:1   | Noticed Erica
 15496 | Lair:1   | Killed Erica
 15608 | Lair:1   | Found a frozen archway.
 15656 | IceCv    | Entered an ice cave
 16003 | Lair:1   | Noticed a six-headed hydra
 16031 | Lair:1   | Killed a six-headed hydra
 16141 | Lair:2   | Noticed a five-headed hydra
 16156 | Lair:2   | Killed a five-headed hydra
 16205 | Lair:3   | Reached *** piety under Ashenzari
 16548 | Lair:2   | Noticed Sonja
 16556 | Lair:2   | Killed Sonja
 16638 | Lair:3   | Found a staircase to the Shoals.
 16644 | Shoals:1 | Entered Level 1 of the Shoals
 16656 | Shoals:1 | Reached XP level 13. HP: 70/70 MP: 27/32
 16800 | Shoals:2 | Reached skill level 15 in Spellcasting
 16806 | Shoals:3 | Noticed a merfolk impaler
 16806 | Shoals:3 | Noticed a merfolk impaler
 16835 | Shoals:2 | Noticed a merfolk impaler
 16860 | Shoals:2 | Killed a merfolk impaler
 16985 | Shoals:3 | HP: 4/105 [drowned by a water elemental (5)]
 16986 | Shoals:3 | Drowned by a water elemental

Skill      XL: |  1  2  3  4  5  6  7  8  9 10 11 12 13 |
---------------+----------------------------------------+-----
Short Blades   | 2 3 5 6 |  6.5
Hexes          | 4 5 9 11 | 11.4
Spellcasting   | 7 10 14 15 | 15.4
Stealth        | 7 9 13 14 17 | 17.5
Fighting       | 3 5 |  5.4
Dodging        | 5 |  5.5
Transmutations | 6 |  6.3

Action                   |  1- 3 |  4- 6 |  7- 9 | 10-12 | 13-15 || total
-------------------------+-------+-------+-------+-------+-------++-------
Melee: Dagger            |    72 |    49 |    10 |       |       ||   131
       Short sword       |       |    68 |   272 |   514 |    22 ||   876
 Cast: Corona            |     1 |     1 |       |       |       ||     2
       Ensorcelled Hiber |    24 |    11 |    67 |   163 |     6 ||   271
       Confuse           |       |     6 |    17 |    59 |     2 ||    84
       Dazzling Spray    |       |       |       |     2 |       ||     2
Invok: Curse Item        |       |       |     2 |       |     1 ||     3
Evoke: Wand              |       |       |       |     3 |       ||     3
  Use: Scroll            |       |       |     4 |     7 |     2 ||    13
       Potion            |       |       |     2 |     1 |     1 ||     4
 Stab: Sleeping          |    18 |    14 |    49 |   131 |     8 ||   220
       Confused          |       |     3 |    11 |    39 |     2 ||    55
       Distracted        |       |     1 |     3 |     4 |       ||     8
  Eat: Bread ration      |       |     1 |       |     1 |       ||     2
       Royal jelly       |       |       |     1 |     2 |       ||     3
Armor: Robe              |     3 |    11 |    23 |    20 |       ||    57
Dodge: Dodged            |    66 |    70 |   140 |   198 |     9 ||   483
